 Dungeon Crawl Stone Soup version 0.17-a0-1069-g92ad481 (webtiles) character file.

1782 talyn the Conjurer (level 8, -7/57 HPs)
             Began as a White Draconian Conjurer on May 17, 2015.
             Was a Follower of Vehumet.
             Mangled by Duvessa
             ... wielding a +3 rapier of holy wrath
              (19 damage)
             ... on level 6 of the Dungeon.
             The game lasted 00:33:54 (8514 turns).

talyn the Conjurer (White Draconian Conjurer)       Turns: 8514, Time: 00:33:54

Health: -7/57      AC:  9    Str: 10    XL:     8   Next: 81%
Magic:  2/25       EV: 12    Int: 20    God:    Vehumet [*.....]
Gold:   46         SH:  0    Dex: 12    Spells: 4 memorised, 8 levels left

rFire  . . .     SeeInvis .     a - +2 scimitar (holy)
rCold  + . .     Clarity  .     (armour unavailable)
rNeg   . . .     SustAb   .     (no shield)
rPois  .         Gourm    .     (helmet restricted)
rElec  .         Spirit   .     (no cloak)
rCorr  .         Warding  .     (no gloves)
rMut   .         Stasis   .     A - +2 pair of boots
MR     .....                    (no amulet)
Stlth  ++........               k - ring of magical power
                                i - +2 ring of intelligence

@: not resistant to hostile enchantments, unstealthy
A: breathe frost, unfitting armour, cold resistance 1, low mp 1, cold-blooded,
AC +6
a: Breathe Frost, Renounce Religion


You were on level 6 of the Dungeon.
You worshipped Vehumet.
Vehumet was aware of your devotion.
You were not hungry.

You visited 2 branches of the dungeon, and saw 7 of its levels.

You collected 306 gold pieces.
You spent 260 gold pieces at shops.

Inventory:

Hand weapons
 a - a +2 scimitar of holy wrath (weapon)
Missiles
 r - 4 silver javelins (quivered)
Armour
 A - a +2 pair of boots (worn)
Jewellery
 d - an uncursed ring of sustain abilities
 g - an uncursed ring of poison resistance
 i - a +2 ring of intelligence (left hand)
 k - a ring of magical power (right hand)
 o - an uncursed ring of ice
 x - an uncursed ring of see invisible
Magical devices
 j - a wand of heal wounds (3)
Scrolls
 h - 2 scrolls of magic mapping
 l - a scroll of blinking
 m - a scroll of fog
 p - a scroll of fear
 t - 3 scrolls of teleportation
 w - 2 scrolls of remove curse
Potions
 b - 3 potions of cure mutation
 f - a potion of berserk rage {unknown}
 n - a potion of invisibility {unknown}
 q - a potion of curing {unknown}
 s - a potion of degeneration {unknown}
 u - a potion of haste {unknown}
 B - a potion of ambrosia {unknown}
Books
 e - a book of Conjurations

   Spells                             Type                      Level
   a - Magic Dart                     Conjuration                  1
   b - Searing Ray                    Conjuration                  2
   c - Dazzling Spray                 Conjuration/Hexes            3
   d - Fulminant Prism                Conjuration/Hexes            4
   e - Iskenderun's Mystic Blast      Conjuration                  4
   f - Iskenderun's Battlesphere      Conjuration/Charms           5
Comestibles
 c - 10 fruits
 v - 2 slices of pizza
 z - a meat ration
 C - 4 chunks of flesh


   Skills:
 - Level 1.7 Dodging
 - Level 1.7 Stealth
 + Level 6.8 Spellcasting
 + Level 7.9 Conjurations
 + Level 5.0 Charms


You had 8 spell levels left.
You knew the following spells:

 Your Spells              Type           Power        Failure   Level  Hunger
a - Magic Dart            Conj           ####         1%          1    None
b - Searing Ray           Conj           #####.       1%          2    None
c - Iskenderun's Mystic   Conj           #####...     4%          4    ###....
d - Iskenderun's Battles  Conj/Chrm      ####....     21%         5    #####..


Dungeon Overview and Level Annotations

Branches:
Dungeon (6/15)             Temple (1/1) D:5

Altars:
Ashenzari
Cheibriados
Dithmenos
Elyvilon
Gozag
Nemelex Xobeh
Qazlal
Trog
Vehumet
Zin

Shops:
D:4 =   D:6 :

Annotations:
D:6 Duvessa


Innate Abilities, Weirdness & Mutations

You can breathe waves of freezing cold.
You can buffet flying creatures when you breathe cold.
Your icy white scales are hard (AC +6).
Your body does not fit into most forms of armour.
Your flesh is cold resistant.
You are cold-blooded and may be slowed by cold attacks.
Your magical capacity is low (-10% MP).


Message History

Press: ? - help, Shift-Dir - straight line, f/p - Duvessa
Aim: Duvessa, wielding a rapier of holy wrath and wearing a leather armour (severely wounded, berserk, fast, unusually strong)
The magic dart hits Duvessa.
Duvessa is severely wounded.
* * * LOW MAGIC WARNING * * *
Duvessa hits you with a rapier of holy wrath! x2
* * * LOW HITPOINT WARNING * * *
Drink which item? (? for menu, Esc to quit)
Okay, then.
Duvessa rages.
Duvessa hits you with a rapier of holy wrath.
* * * LOW HITPOINT WARNING * * *
Duvessa hits you but does no damage.
Things that are here:
an enchanted shortbow; 12 arrows Duvessa hits you with a rapier of holy wrath.
* * * LOW HITPOINT WARNING * * *
Duvessa rages.
Duvessa hits you with a rapier of holy wrath!!
You die...

##.# #..# ..# #..#
#.# #.## #.#####.#
#....)..# . ###
#########.#### ..# ..
##.).## #.# .).(#.
#.....####(#
...†..####.....e@.(.#
............)..######
##.########...##
#####


You could see Duvessa (berserk).

Vanquished Creatures
  The ghost of talyn the Carver, an experienced MiFi of Okawaru (D:5)
  Eustachio (D:5)
  An orc warrior (D:6)
  A sky beast (D:5)
  A centaur (D:6)
  2 ogres
  Blork the orc (D:4)
  3 scorpions
  Dowan (D:6)
  2 vampire bats (D:3)
  2 giant frog zombies (D:5)
  A crimson imp (D:5)
  A jelly (D:5)
  An iguana (D:5)
  Terence (D:2)
  2 worker ants
  3 hound skeletons
  7 gnolls
  A shadow imp (D:6)
  8 adders
  An ooze (D:4)
  2 adder zombies
  4 worms
  4 giant geckos
  5 orcs
  3 ball pythons
  18 bats
  5 giant cockroaches
  12 hobgoblins
  10 jackals
  10 kobolds
  4 quokkas
  A giant gecko zombie (D:5)
  6 giant newts
  12 goblins
  27 rats
165 creatures vanquished.

Notes
Turn   | Place    | Note
--------------------------------------------------------------
     0 | D:1      | talyn the Draconian Conjurer began the quest for the Orb.
     0 | D:1      | Reached XP level 1. HP: 14/14 MP: 3/3
   261 | D:1      | Reached XP level 2. HP: 20/20 MP: 0/5
   666 | D:1      | Learned a level 2 spell: Searing Ray
  1077 | D:1      | Reached XP level 3. HP: 26/26 MP: 1/7
  1710 | D:2      | Noticed Terence
  1725 | D:2      | Killed Terence
  1922 | D:2      | Reached XP level 4. HP: 33/33 MP: 2/8
  1928 | D:2      | Learned a level 4 spell: Iskenderun's Mystic Blast
  3192 | D:3      | Found a shattered altar of Ashenzari.
  3240 | D:3      | Reached skill level 5 in Conjurations
  3373 | D:3      | Reached XP level 5. HP: 36/38 MP: 6/10
  3551 | D:3      | Noticed a moth of wrath
  3554 | D:3      | Found a bloodstained altar of Trog.
  3885 | D:3      | Found a sparkling altar of Nemelex Xobeh.
  4212 | D:3      | Learned a level 4 spell: Iskenderun's Mystic Blast
  4218 | D:3      | Learned a level 5 spell: Iskenderun's Battlesphere
  4255 | D:4      | Noticed an ogre
  4264 | D:4      | Killed an ogre
  4264 | D:4      | Reached XP level 6. HP: 45/45 MP: 1/12
  4285 | D:3      | Reached skill level 1 in Charms
  4424 | D:4      | Noticed Blork the orc
  4458 | D:4      | HP: 1/45 [Blork the orc/puff of flame (3)]
  4471 | D:4      | Killed Blork the orc
  4700 | D:4      | Reached skill level 6 in Conjurations
  4855 | D:4      | Your scales start taking on a icy white colour.
  4855 | D:4      | Gained mutation: Your flesh is cold resistant. [White Draconian growth]
  4855 | D:4      | Reached XP level 7. HP: 50/50 MP: 5/14
  4858 | D:4      | Reached skill level 5 in Spellcasting
  5545 | D:4      | Found Awniopsa's Jewellery Shoppe.
  5594 | D:5      | Entered Level 5 of the Dungeon
  5737 | D:5      | Noticed Eustachio
  5767 | D:5      | Gained mutation: Your magical capacity is low (-10% MP). [mutagenic meat]
  5890 | D:5      | Killed Eustachio
  6188 | D:5      | Found a staircase to the Ecumenical Temple.
  6347 | D:5      | Noticed talyn's ghost (experienced MiFi)
  6421 | D:5      | Reached XP level 8. HP: 55/57 MP: 5/14
  6515 | D:5      | Reached skill level 7 in Conjurations
  6586 | D:5      | Killed talyn's ghost
  6855 | D:4      | Bought an uncursed ring of magical power for 260 gold pieces
  7002 | Temple   | Entered the Ecumenical Temple
  7011 | Temple   | Became a worshipper of Vehumet
  7416 | D:6      | Found a glowing drain.
  8009 | D:6      | Found a shadowy altar of Dithmenos.
  8163 | D:6      | Found Werys's Book Emporium.
  8210 | D:6      | Found a stormy altar of Qazlal.
  8324 | D:6      | Acquired Vehumet's first power
  8324 | D:6      | Offered knowledge of Flame Tongue by Vehumet.
  8327 | D:6      | Noticed Duvessa
  8494 | D:6      | Noticed Dowan
  8497 | D:6      | Killed Dowan
  8497 | D:6      | Reached skill level 5 in Charms
  8514 | D:6      | Mangled by Duvessa

Vault maps used:
D:1:      erik_arrival_orb_chamber, kennysheep_small_spiral
D:2:      uniq_terence
D:3:      nicolae_overflow_crystal_walls, tgw_trog, kennysheep_another_room,
          bh_chokoban, roderic_batcave, cheibrodos_ashenzari_chains
D:4:      serial_shops, kennysheep_mini_moat, uniq_blork_the_orc
D:5:      temple_pool_b, first_bread, uniq_eustachio
D:6:      lemuel_round_altar, lemuel_coloured_pillars_altar,
          portal_sewer_entry_b, serial_shops, nicolae_shop_waterfront,
          grunt_qazlal_sundering, uniq_duvessa
Temple:   circular_temple_6

Action                   |  1- 3 |  4- 6 |  7- 9 || total
-------------------------+-------+-------+-------++-------
Melee: Short sword       |    46 |    16 |    43 ||   105
 Cast: Magic Dart        |    46 |    83 |    51 ||   180
       Searing Ray       |     5 |    16 |    17 ||    38
       Iskenderun's Myst |       |       |    42 ||    42
 Abil: Breathe Frost     |       |       |     3 ||     3
  Use: Scroll            |       |    15 |     3 ||    18
       Potion            |       |     4 |     1 ||     5
  Eat: Chunk             |     2 |     7 |     6 ||    15
       Bread ration      |     1 |       |     3 ||     4
